 Dungeon Crawl Stone Soup version 0.30-a0-4-ga7cffc901d (webtiles) character file.

Game seed: 1528894216981552850

144 MudFish the Slasher (level 5, -2/40 HPs)
             Began as a Human Gladiator on Aug 21, 2022.
             Slain by an ogre
             ... wielding a +0 giant club
              (30 damage)
             ... on level 4 of the Dungeon.
             The game lasted 00:05:04 (2991 turns).

MudFish the Slasher (Human Gladiator)               Turns: 2991, Time: 00:05:05

Health: -2/40      AC:  6    Str: 15    XL:     5   Next: 51%
Magic:  5/5        EV: 11    Int:  8    God:
Gold:   139        SH:  4    Dex: 18    Spells: 4/4 levels left

rFire   + . .      SeeInvis +    a - +1 long sword
rCold   . . .      Faith    .    n - +0 buckler
rNeg    . . .      Spirit   .    h - +0 ring mail
rPois   .          Reflect  .    (helmet restricted)
rElec   .          Harm     .    (no cloak)
rCorr   .          Rampage  .    (no gloves)
Will    .....                    j - +0 pair of boots
Stlth   +.........               (no amulet)
HPRegen 0.13/turn                f - ring of protection from fire
MPRegen 0.09/turn                s - ring of see invisible

@: no status effects
A: horns 1, agile 1, sense surroundings 1
a: no special abilities


You were on level 4 of the Dungeon.
You visited 1 branch of the dungeon, and saw 4 of its levels.

You collected 139 gold pieces.

Inventory:

Hand Weapons
 a - a +1 long sword (weapon)
 k - a +1 dagger of venom
Missiles
 d - 4 throwing nets (quivered)
 e - a javelin
 i - 6 poisoned darts
Armour
 b - a +0 leather armour
 c - a +0 helmet
 h - a +0 ring mail (worn)
 j - a +0 pair of boots (worn)
 n - a +0 buckler (worn)
Jewellery
 f - a ring of protection from fire (left hand)
 r - a ring of wizardry
 s - a ring of see invisible (right hand)
Scrolls
 l - a scroll of vulnerability
 o - a scroll of immolation {unknown}
 p - a scroll of fear {unknown}
Potions
 g - a potion of mutation
 m - 2 potions of invisibility
 t - a potion of heal wounds
 u - a potion of might {unknown}


   Skills:
 + Level 2.9 Fighting
 * Level 4.2 Long Blades
 - Level 2.0 Throwing
 * Level 2.9 Armour
 - Level 3.0 Dodging


You had 4 spell levels left.
You didn't know any spells.
Your spell library contained the following spells:

 Spells                   Type           Power      Damage    Failure   Level
 Sublimation of Blood     Necr           0%         N/A       86%         2
 Wereblood                Tmut           0%         N/A       86%         2
 Summon Hydra             Summ           0%         N/A       100%        7


Dungeon Overview and Level Annotations

Branches:
Dungeon (4/15)
 Temple: D:4-7

Altars:


Innate Abilities, Weirdness & Mutations

You have a pair of small horns on your head.
You are agile. (Dex +4, Str/Int -1)
You passively map a small area around you.


Message History

An endoplasm is nearby!
The endoplasm quivers.
You hit the endoplasm.
The endoplasm is lightly wounded.
The endoplasm freezes you.
You are frozen.
The endoplasm hits you but does no damage.
You hit the endoplasm. You headbutt the endoplasm.
You kill the endoplasm!
No target in view!
No target in view!
No target in view!
HP restored.
p - a scroll labelled SACLILO RUYD You open the door.
There is an open door here.
Found a flail.
Found a stone staircase leading up.
An ogre comes into view. It is wielding a +0 giant club.
The ogre shouts!
No target in view!
You see here a +0 flail.
You hit the ogre.
The ogre is moderately wounded.
The ogre barely misses you.
You slash the ogre!
The ogre is heavily wounded.
The ogre closely misses you.
You barely miss the ogre.
The ogre is heavily wounded.
You hit the ogre.
The ogre is severely wounded.
The ogre hits you with a +0 giant club!
You barely miss the ogre.
The ogre is severely wounded.
The ogre barely misses you.
You closely miss the ogre. You headbutt the ogre.
The ogre is almost dead.
The ogre hits you with a +0 giant club!!
Ouch! That really hurt!
You die...

........# ***, *** ,
........# * * ,,, , *
........# *** , , ,,
........# * .....)..#
####### ,
........###.....#*, ,
..........#.###.####.#..
, ..........#.#
#.........,
..........'.# #<@####.#
..........###*##O# , , *
..........# , ..# ,, , *
..........# ##.# , ,
..........# ... _ ,
##+######## , ..# , * ,,
, , ..# , , ,, #..# , *
, , , *


You could see an ogre.

Vanquished Creatures
  A scorpion (D:3)
  3 adders
  A dart slug (D:1)
  7 orcs (D:3)
  2 ball pythons
  8 endoplasms
  A goblin (D:1)
  A hobgoblin (D:3)
  3 quokkas
  4 bats
  9 frilled lizards
  4 kobolds
  4 rats
  A spectral goblin (D:1)
49 creatures vanquished.

Vanquished Creatures (others)
  6 plants (D:1)
6 creatures vanquished.

Grand Total: 55 creatures vanquished

Notes
Turn   | Place    | Note
-------+----------+-------------------------------------------
     0 | D:1      | MudFish the Human Gladiator began the quest for the Orb.
     0 | D:1      | Reached XP level 1. HP: 16/16 MP: 1/1
    32 | D:1      | Found a faded altar of an unknown god.
   236 | D:1      | Reached XP level 2. HP: 20/22 MP: 2/2
   457 | D:1      | Reached skill level 1 in Armour
  1050 | D:2      | Reached XP level 3. HP: 26/27 MP: 3/3
  2000 | D:3      | Reached XP level 4. HP: 34/34 MP: 4/4
  2226 | D:3      | Noticed a scorpion
  2247 | D:3      | Killed a scorpion
  2248 | D:3      | Reached skill level 4 in Long Blades
  2248 | D:3      | Reached XP level 5. HP: 21/40 MP: 5/5
  2836 | D:3      | Gained mutation: You passively map a small area around you.
                  | [potion of mutation]
  2836 | D:3      | Gained mutation: You have a pair of small horns on your
                  | head. [potion of mutation]
  2836 | D:3      | Gained mutation: You are agile. (Dex +4, Str/Int -1)
                  | [potion of mutation]
  2983 | D:4      | Noticed an ogre
  2991 | D:4      | Slain by an ogre

Illustrated notes

Levels and vault maps discovered:
D:1:      evilmike_arrival_come_back, layout_basic,
          dreamdust_ecumenical_altar_drowned_temple, minmay_lizard_king
D:2:      layout_basic
D:3:      layout_loops_ring, serial_bayou_pond_b, chequers_serial_rivers_small_a
D:4:      layout_basic, old_standard_altar, abandoned_shop, minmay_circle_x

Skill      XL: |  1  2  3  4 |
---------------+-------------+-----
Armour         | 1 2 |  2.9
Long Blades    | 4 |  4.2
Fighting       | |  2.9
Throwing       | |  2.0
Dodging        | |  3.0

Action                   |  1- 3 |  4- 6 || total
-------------------------+-------+-------++-------
Melee: Long sword        |    96 |    62 ||   158
       Headbutt          |       |     2 ||     2
  Use: Scroll            |     1 |     6 ||     7
       Potion            |       |     2 ||     2
 Stab: Invisible         |       |     2 ||     2
Armor: Ring mail         |    38 |    20 ||    58
       Leather armour    |     2 |       ||     2
Dodge: Dodged            |    76 |    32 ||   108
Block: Buckler           |     6 |     7 ||    13

Table legend: (Time is in decaauts)
 A = Elapsed time spent in this place.
 B = Non-inter-level travel time spent in this place.
 C = Inter-level travel time spent in this place.
 D = Time resting spent in this place.
 E = Time spent auto-exploring this place.
 F = Levels seen in this place.
 G = Mean time per level.
                   A        B        C        D        E       F      G
               +--------+--------+--------+--------+--------+-----+--------+
         Total |   3042 |   2940 |    102 |    180 |   2321 |   4 |  760.5 |
       Dungeon |   3042 |   2940 |    102 |    180 |   2321 |   4 |  760.5 |
               +--------+--------+--------+--------+--------+-----+--------+

Top non-repeatable levels by time:
     D:2: 1071 daAuts
     D:1: 951 daAuts
     D:3: 922 daAuts
     D:4: 96 daAuts
